 Dungeon Crawl Stone Soup version 0.31-a0-145-g046c7d2549 (webtiles) character file.

Game seed: 8443711810239621643

354412 qw the Slayer (level 21, -5/223 HPs)
             Began as a Minotaur Hunter on June 7, 2023.
             Was a High Priest of Okawaru.
             Slain by a vampire knight
             ... wielding a +0 bardiche
              (29 damage)
             ... on level 2 of the Depths.
             The game lasted 00:16:39 (31635 turns).

qw the Slayer (Minotaur Hunter)                    Turns: 31635, Time: 00:16:39

Health: -5/223     AC: 12    Str: 26      XL:     21   Next: 35%
Magic:  26/28      EV: 44    Int:  7 (9)  God:    Okawaru [*****.]
Gold:   1906       SH:  0    Dex: 31      Spells: 20/20 levels left

rFire   + . .        o - +27 heavy crossbow "Sniper" {heavy, Acc+∞ SInv}
rCold   + + +        (shield currently unavailable)
rNeg    . . .        y - +1 robe of Vines {NoPotionHeal Regen++++}
rPois   +            u - +2 hat
rElec   .            j - +0 cloak {rPois}
rCorr   .            B - +0 pair of gloves of Tarch {rC+ Int+3 Slay+3}
SInv    +            g - +1 pair of boots "Bonuonompi" {rF- rC++ Regen+ Str+4}
Will    ++++.        r - amulet of faith
Stlth   ++++         l - +6 ring of dexterity
HPRegen 4.57/turn    c - ring of Absolutism {*Corrode rF++ Will++ Str+6}
MPRegen 0.21/turn

%: corrode self (3%), faith
@: about to teleport, heroic, finesse-ful, flayed
A: horns 2, retaliatory headbutt, strong-willed 1, screaming 1
}: 2/15 runes: decaying, serpentine
a: Renounce Religion, Heroism, Finesse, Duel


You were on level 2 of the Depths.
You worshipped Okawaru.
Okawaru was extremely pleased with you.
You visited 8 branches of the dungeon, and saw 37 of its levels.
You also visited: Desolation.

You collected 4153 gold pieces.
You spent 2247 gold pieces at shops.


Innate Abilities, Weirdness & Mutations

You have a pair of horns on your head.
You reflexively headbutt those who attack you in melee.
You are strong-willed. (Will+)
You occasionally shout uncontrollably at your foes.


   Skills:
 + Level 26.9(27) Fighting
 - Level 22.0(27) Ranged Weapons
 - Level 11.0(16.0) Armour
 - Level 22.0(27) Dodging
 - Level 0.7(5.7) Stealth
 + Level 10.9 Invocations


You had 20 spell levels left.
You didn't know any spells.
Your spell library was empty.

Inventory:

Hand Weapons
 o - the +27 heavy crossbow "Sniper" (weapon) {heavy, Acc+∞ SInv}
   (You bought it in a shop on level 2 of the Orcish Mines)

   Acc+∞: It never misses its target.
   SInv:      It lets you see invisible.
Armour
 e - a +1 pair of boots
 g - the +1 pair of boots "Bonuonompi" (worn) {rF- rC++ Regen+ Str+4}
   (Okawaru gifted it to you on level 15 of the Dungeon)

   Str:       It affects your strength (+4).
   rF:        It makes you vulnerable to fire.
   rC:        It greatly protects you from cold.
   Regen:     It increases your rate of health regeneration.
 i - the scarf of True Grit {shadows, Drain rF+ rC+ Int+3}
   (Okawaru gifted it to you on level 2 of the Vaults)

   Int:       It affects your intelligence (+3).
   rF:        It protects you from fire.
   rC:        It protects you from cold.
   Drain:     It drains your maximum health when unequipped.
 j - a +0 cloak of poison resistance (worn)
 u - a +2 hat (worn)
 v - the +1 pair of boots "Memelitu" {-Tele rF+ Int+3}
   (Okawaru gifted it to you on level 2 of the Depths)

   Int:       It affects your intelligence (+3).
   rF:        It protects you from fire.
   -Tele:     It prevents most forms of teleportation.
 y - the +1 robe of Vines (worn) {NoPotionHeal Regen++++}
   (You found it on level 5 of the Lair of Beasts)

   NoPotionHeal: Its wearer cannot be healed by potions.
   Regen:     It increases your rate of health regeneration.
 z - the +1 pair of boots of Gravity {Harm Dex+7}
   (You found it on level 4 of the Snake Pit)

   Dex:       It affects your dexterity (+7).
   Harm:      It increases damage dealt and taken.
 B - the +0 pair of gloves of Tarch (worn) {rC+ Int+3 Slay+3}
   (Okawaru gifted it to you on level 2 of the Vaults)

   Int:       It affects your intelligence (+3).
   Slay:      It affects your accuracy & damage with ranged weapons and melee
   (+3).
   rC:        It protects you from cold.
Jewellery
 c - the ring of Absolutism (right hand) {*Corrode rF++ Will++ Str+6}
   (You took it off a goblin on level 2 of the Dungeon)

   [ring of strength]

   Str:       It affects your strength (+6).
   rF:        It greatly protects you from fire.
   *Corrode:  It may corrode you when you take damage.
   Will:      It greatly increases your willpower.
 f - the ring of Mistrust {*Corrode rC+ rN+ Slay+5}
   (You found it on level 14 of the Dungeon)

   [ring of positive energy]

   Slay:      It affects your accuracy & damage with ranged weapons and melee
   (+5).
   rC:        It protects you from cold.
   rN:        It protects you from negative energy.
   *Corrode:  It may corrode you when you take damage.
 l - a +6 ring of dexterity (left hand)
 m - the amulet "Qoufad" {Reflect Int-2 Dex+4 SH+5}
   (You found it in the Desolation of Salt)

   [amulet of reflection]

   It reflects blocked missile attacks.
   Int:       It affects your intelligence (-2).
   Dex:       It affects your dexterity (+4).
   SH:        It affects your SH (+5).
 p - a ring of see invisible
 q - a ring of protection from fire
 r - an amulet of faith (around neck)
Wands
 s - a wand of digging (15)
Scrolls
 b - 13 scrolls of identify
 t - a scroll of teleportation
 A - a scroll of brand weapon
 C - a scroll of enchant weapon
Potions
 a - 3 potions of mutation
 d - 2 potions of might
 h - 3 potions of cancellation
 k - 17 potions of curing
 n - 8 potions of haste
 w - 3 potions of magic
 x - 13 potions of heal wounds

Dungeon Overview and Level Annotations

Branches:
Dungeon (15/15)            Temple (1/1) D:5            Lair (5/5) D:10
  Swamp (4/4) Lair:3        Snake (4/4) Lair:3        Slime (0/5) Lair:5
    Orc (2/2) D:12            Elf (0/3) Orc:2        Vaults (4/5) D:14
  Crypt (0/3) Vaults:3     Depths (2/4) D:15        Desolation (visited)

Altars:
Ashenzari
Cheibriados
Dithmenos
Elyvilon
Fedhas
Gozag
Hepliaklqana
Kikubaaqudgha
Makhleb
Nemelex Xobeh
Okawaru
Qazlal
Ru
Sif Muna
Trog
Uskayaw
Vehumet
Wu Jian
Xom
Yredelemnul
Zin
The Shining One
Jiyva

Shops:
D:3 :   Orc:2 (::(   Snake:1 *   Snake:2 =   Snake:3 [   Vaults:1 (

Portals:
Hell: Depths:1
Pandemonium: Depths:1 Depths:2
Trove: D:12 (give +4 ice dragon scales)

Annotations:
D:5 3 runed translucent doors, qw's ghost, novice GrFi
D:10 3 runed translucent doors, qw's ghost, novice GrFi
D:11 1 runed translucent door, Dusieq's ghost, journeyman DsCj
D:14 2 transporters, Axipewex's ghost, journeyman OgTm
Lair:1 3 runed translucent doors, qw's ghost, journeyman GrFi
Lair:5 1 runed translucent door
Snake:1 2 transporters
Snake:3 1 runed translucent door, Bunnuime's ghost, adept DECj
Vaults:3 2 transporters, Zotwa's ghost, adept GnSk
Depths:1 2 transporters, Poanarph's ghost, veteran GrVM


Message History

The frost giant casts a spell at you. The bolt of cold misses you.
The flayed ghost cries, "Feel what I felt!"
Terrible wounds spread across more of your body!
The glowing orange brain blinks!
A blink frog comes into view.
The deep troll closely misses you. The deep troll completely misses you.
The deep troll misses you. The tengu reaver completely misses you.
You furiously retaliate!
You headbutt the tengu reaver!! The tengu reaver pecks you.
The tengu reaver completely misses you.
You shoot a bolt. The bolt hits the tengu reaver!!!
You kill the tengu reaver!
Okawaru accepts your kill. The vampire knight barely misses you.
The spriggan air mage waves its arms in wide circles.
The air twists around and strikes you! The frost giant completely misses you.
The deep troll completely misses you. The deep troll barely misses you.
The deep troll misses you.
You shoot a bolt. The bolt hits the lich!!!!
The lich is almost destroyed.
Your resistance to elements expires.
The vampire knight completely misses you.
The lich completely misses you. The frost giant completely misses you.
You furiously retaliate!
You headbutt the frost giant!
The flayed ghost stares at you with tortured malice.
Terrible wounds spread across more of your body!
The vampire knight hits you but does no damage.
The deep troll completely misses you. You furiously retaliate!
You headbutt the deep troll!
The deep troll completely misses you. x2
You shoot a bolt. The bolt hits the lich!!!
You destroy the lich!
Okawaru accepts your kill.
The vampire knight completely misses you.
The spriggan air mage completely misses you.
You furiously retaliate!
You headbutt the spriggan air mage. You shoot a bolt.
The bolt hits the deep troll!!!!
You kill the deep troll!
The deep troll's corpse dissolves into shadows!
The vampire knight hits you from afar with a +0 bardiche!!
You die...

..#.### ....+.# ##...#.+ #
......#.+ ###'#...#.# #
#.#...V...# #
.~..##.###.##')#)..#[#
............#@iG.....# .
>...........##XW.#...#.
#~.....~..# #..##C%[......
#......~..# #...##C##.#..C
..~...¤#..# #....TCD.....8
#~¤...##..###...##F.###..\
..~.............# .. .
..~...##..###..## ##.
#............# ..


You could see a tentacled monstrosity, a frost giant, a fire dragon (summoned),
a stone giant, a vampire knight (fast), an ettin (summoned), a flayed ghost, a
glowing orange brain shaped shifter, a spriggan air mage (repels missiles) and a
blink frog.

Vanquished Creatures
  Mara (Swamp:3)
  Frederick (Vaults:4)
  Bai Suzhen (Swamp:3)
  Vashnia (Snake:3)
  Jory (Vaults:4)
  A tentacled monstrosity (Depths:2)
  A walking crystal tome (Depths:2)
  Zenata (Vaults:4)
  A lich (Depths:2)
  Asterion (Snake:3)
  A walking frostbound tome (Depths:2)
  A titan (Vaults:3)
  Frances (D:12)
  Agnes (D:15)
  A sphinx (Vaults:4)
  A thorn hunter (Swamp:4)
  2 tengu reavers (Depths:2)
  A shadow dragon (Vaults:4)
  3 fire giants
  Roxanne (Swamp:2)
  A fenstrider witch (Swamp:4)
  4 nagarajas (Snake:4)
  6 vault wardens
  Louise (Swamp:4)
  2 frost giants (Depths:2)
  3 imperial myrmidons (Desolation)
  3 orc warlords
  Aizul (Snake:1)
  A spriggan defender (Depths:2)
  3 very ugly things (Depths:1)
  3 war gargoyles (Vaults:2)
  17 ironbound preservers
  2 ironbound thunderhulks
  A juggernaut skeleton (D:15)
  8 stone giants
  2 eleionomae
  8 dire elephants
  2 halazid warlocks (Desolation)
  5 bunyips
  3 spark wasps (Depths:2)
  Snorg (D:14)
  2 ettins
  A crystal guardian (Vaults:3)
  3 fire dragons (Depths:2)
  8 yaktaur captains
  10 ragged hierophants (Desolation)
  Josephine (Snake:1)
  A shambling mangrove (Swamp:1)
  2 entropy weavers
  2 salamander tyrants
  7 great orbs of eyes
  5 servants of whispers
  3 ghost crabs
  14 vault guards
  9 ironbound frosthearts
  23 hydras
  9 peacekeepers
  3 spriggan air magi
  4 catoblepae (Lair:5)
  12 centaur warriors
  9 death yaks
  7 anacondas
  6 naga warriors
  3 boulder beetles
  4 two-headed ogres
  4 tengu warriors
  9 alligators
  2 deep troll earth magi (Depths:2)
  A vampire mage (Depths:2)
  22 naga sharpshooters
  A titan zombie (D:15)
  2 storm dragon zombies (Vaults:4)
  9 shock serpents
  6 orc high priests
  3 spriggans (Swamp:1)
  A sun demon (Depths:1)
  2 skysharks
  2 skeletal warriors (D:15)
  A skyshark (shapeshifter) (Depths:2)
  A goliath frog (Swamp:1)
  2 salamander mystics
  A sea snake (Snake:1)
  4 spriggan druids
  2 iron trolls (Depths:2)
  6 swamp dragons (Swamp:4)
  49 deep trolls
  19 orc knights
  Pikel (D:6)
  11 naga ritualists
  4 wizards
  2 flayed ghosts
  4 deep elf pyromancers
  14 ironbound convokers
  15 lindwurms
  5 harpies (Vaults:3)
  18 ugly things
  2 necromancers
  11 mana vipers
  2 cyclopes
  5 will-o-the-wisps
  3 orc sorcerers (Orc:2)
  13 salamanders
  4 manticores
  10 elephants
  A guardian serpent (shapeshifter) (D:15)
  12 vault sentinels
  21 naga magi
  8 guardian serpents
  45 black mambas
  An orange demon (Depths:1)
  2 molten gargoyles (Desolation)
  A gargoyle (D:8)
  An unseen horror (D:13)
  3 cane toads
  10 rime drakes
  6 kobold demonologists
  5 komodo dragons
  2 efreet (D:15)
  29 yaktaurs
  A tormentor (Depths:1)
  2 tengu conjurers
  5 tyrant leeches
  A bloated husk (Swamp:1)
  11 trolls
  3 hornets (Swamp:1)
  2 polar bears
  48 saltlings
  An ettin zombie (Vaults:4)
  13 blink frogs
  4 dream sheep (Lair:5)
  26 slime creatures
  Sigmund (D:2)
  2 shadows
  A centaur simulacrum (D:14)
  55 yaks
  A vampire (D:14)
  A spriggan (shapeshifter) (D:15)
  5 wraiths (Snake:1)
  10 wyverns
  10 basilisks
  2 humans (shapeshifter)
  2 steam dragons
  A neqoxec (Depths:1)
  A redback (Vaults:1)
  5 vampire mosquitoes
  15 swamp worms
  A glowing shapeshifter zombie (D:15)
  A human zombie (D:15)
  2 wargs
  46 nagas
  2 acid dragons
  10 water moccasins
  57 orc warriors
  6 swamp drakes
  An ice beast (D:6)
  3 black bears
  4 boggarts (Vaults:2)
  8 ogres
  3 centaurs
  A phantom (D:4)
  A lemure (D:6)
  3 kobold brigands
  11 bullfrogs
  3 gnoll sergeants
  3 scorpions
  A water moccasin zombie (D:4)
  5 wights (D:9)
  22 killer bees
  9 howler monkeys
  3 electric eels
  2 hounds (D:5)
  3 jellies
  26 orc priests
  A gnoll bouda (D:8)
  Natasha (D:3)
  29 orc wizards
  18 hell rats
  A scorpion zombie (D:4)
  A hound zombie (D:4)
  Robin (D:2)
  23 gnolls
  3 adders
  An ufetubus (D:6)
  An adder zombie (D:4)
  3 worms
  A dart slug (D:1)
  82 orcs
  5 endoplasms
  4 giant cockroaches
  26 goblins
  A hobgoblin (D:1)
  4 jackals (D:5)
  5 quokkas
  5 ball pythons
  7 bats
  A frilled lizard (D:1)
  19 kobolds
  7 rats
1384 creatures vanquished.

Vanquished Creatures (others)
  A bloated husk (Swamp:4)
  6 foxfires
7 creatures vanquished.

Grand Total: 1391 creatures vanquished

Notes
Turn   | Place    | Note
-------+----------+-------------------------------------------
     0 | D:1      | qw the Minotaur Hunter began the quest for the Orb.
     0 | D:1      | Reached XP level 1. HP: 18/18 MP: 0/0
     0 | D:1      | 0 ||| qw: Version: 0.2-a-117-gc6b5c8b
     0 | D:1      | 0 ||| qw: Game counter: 2465
     0 | D:1      | 0 ||| qw: Always use a shield: true
     0 | D:1      | 0 ||| qw: God list: Okawaru
     0 | D:1      | 0 ||| qw: Allow faded altars: false
     0 | D:1      | 0 ||| qw: Do Orc after D:15 true
     0 | D:1      | 0 ||| qw: Do second Lair branch before Depths: true
     0 | D:1      | 0 ||| qw: Lair rune preference: random
     0 | D:1      | 0 ||| qw: Plans: Normal
     0 | D:1      | 0 ||| PLANNING D:1-11
    86 | D:1      | Reached XP level 2. HP: 23/25 MP: 1/1
   273 | D:1      | Reached skill level 3 in Fighting
   333 | D:1      | Reached XP level 3. HP: 31/31 MP: 2/2
   511 | D:1      | 511 ||| UPGRADING to +0 pair of boots.
   516 | D:1      | 516 ||| UPGRADING to +2 robe of fire resistance.
   526 | D:1      | 526 ||| DROPPING +0 leather armour.
   527 | D:1      | 527 ||| READING scroll labelled LIABBI MEUDGH.
   528 | D:1      | 528 ||| DRINKING 2 dark potions.
   529 | D:1      | 529 ||| DROPPING scroll of butterflies.
   888 | D:2      | Noticed Sigmund
   910 | D:2      | 910 ||| UPGRADING to +6 ring of strength.
   921 | D:2      | 921 ||| DRINKING potion of curing.
   921 | D:2      | 921 ||| (to cure confusion)
   928 | D:2      | Killed Sigmund
   929 | D:2      | Reached XP level 4. HP: 17/38 MP: 3/3
   929 | D:2      | Reached XP level 5. HP: 20/45 MP: 4/4
  1020 | D:2      | 1020 ||| READING 3 scrolls labelled BUMYUWN KEOC.
  1021 | D:2      | 1021 ||| READING scroll labelled ECHYRU JADUNWUO.
  1022 | D:2      | 1022 ||| READING scroll labelled MAPRIGO LUHE.
  1023 | D:2      | 1023 ||| READING scroll labelled INIMAF CUNUM.
  1024 | D:2      | 1024 ||| READING 2 scrolls of identify.
  1024 | D:2      | 1024 ||| IDENTIFYING fizzy dark potion
  1429 | D:2      | Noticed Robin
  1432 | D:2      | Identified the ring of Absolutism {*Corrode rF++ Will++
                  | Str+6}
  1442 | D:2      | Killed Robin
  1689 | D:2      | 1689 ||| UPGRADING to ring of Absolutism {*Corrode rF++
                  | Will++ Str+6}.
  1690 | D:2      | 1690 ||| READING scroll labelled JUNLEDU KISUT.
  1691 | D:2      | 1691 ||| READING 3 scrolls of identify.
  1691 | D:2      | 1691 ||| IDENTIFYING viscous blue potion
  1692 | D:2      | 1692 ||| DROPPING potion of attraction.
  1694 | D:2      | 1694 ||| Stepping ~*~*~tactically~*~*~ (cloud).
  1934 | D:3      | Noticed Natasha
  1936 | D:3      | 1936 ||| Stepping ~*~*~tactically~*~*~ (outnumbered).
  1945 | D:3      | Killed Natasha
  1946 | D:3      | Reached skill level 4 in Fighting
  1946 | D:3      | Reached XP level 6. HP: 37/52 MP: 5/5
  2023 | D:3      | Found a faded altar of an unknown god.
  2114 | D:3      | Found Amuhau's Book Shop.
  2353 | D:3      | 2353 ||| UPGRADING to +2 ring mail of cold resistance.
  2363 | D:3      | 2363 ||| READING 3 scrolls of identify.
  2363 | D:3      | 2363 ||| IDENTIFYING lumpy coppery potion
  2364 | D:3      | 2364 ||| DROPPING potion of degeneration.
  2816 | D:4      | Identified the +1 arbalest of Makhleb, Destroying {freeze,
                  | rC++ Will+}
  2818 | D:4      | 2818 ||| SWAPPING to +1 arbalest of Makhleb, Destroying
                  | {freeze, rC++ Will+}.
  2819 | D:4      | 2819 ||| DROPPING +0 shortbow.
  2899 | D:4      | Reached skill level 5 in Fighting
  2899 | D:4      | Reached XP level 7. HP: 55/61 MP: 6/6
  2917 | D:4      | Found a basalt altar of Yredelemnul.
  3168 | D:4      | 3168 ||| UPGRADING to +0 pair of gloves.
  3173 | D:4      | 3173 ||| READING scroll labelled QORIQ MEGHUL.
  3174 | D:4      | 3174 ||| READING scroll labelled BEXZIARRIAF.
  3178 | D:4      | 3178 ||| READING 3 scrolls of identify.
  3178 | D:4      | 3178 ||| IDENTIFYING viscous brown potion
  3179 | D:4      | 3179 ||| READING 2 scrolls of identify.
  3179 | D:4      | 3179 ||| IDENTIFYING murky blue potion
  3180 | D:4      | 3180 ||| DROPPING potion of lignification.
  3181 | D:4      | 3181 ||| DROPPING potion of invisibility.
  3187 | D:5      | Entered Level 5 of the Dungeon
  3218 | D:5      | Reached skill level 3 in Dodging
  3388 | D:5      | Found a staircase to the Ecumenical Temple.
  3389 | D:5      | 3389 ||| PLANNING TEMPLE
  3389 | D:5      | 3389 ||| UPGRADING to ring of see invisible.
  3397 | Temple   | Entered the Ecumenical Temple
  3400 | Temple   | 3400 ||| PLANNING OKAWARU WORSHIP
  3415 | Temple   | Became a worshipper of Warmaster Okawaru
  3415 | Temple   | 3415 ||| PLANNING D:1-11
  3519 | D:5      | Reached skill level 9 in Ranged Weapons
  3556 | D:5      | Noticed qw's ghost (novice GrFi)
  3557 | D:5      | Found a runed translucent gate.
  3557 | D:5      | Found a runed translucent gate.
  3557 | D:5      | Found a runed translucent gate.
  3557 | D:5      | Identified the +7 chain mail of Fun {Str+2 Int+4 Dex-3}
  4025 | D:5      | 4025 ||| READING 4 scrolls of identify.
  4025 | D:5      | 4025 ||| IDENTIFYING emerald potion
  4026 | D:5      | 4026 ||| DROPPING potion of enlightenment.
  4072 | D:6      | Noticed Pikel
  4079 | D:6      | Killed Pikel
  4079 | D:6      | Reached * piety under Okawaru
  4080 | D:6      | Reached skill level 8 in Fighting
  4080 | D:6      | Reached XP level 8. HP: 65/75 MP: 7/7
  4084 | D:6      | Reached skill level 1 in Invocations
  4138 | D:6      | 4138 ||| INVOKING Heroism.
  4209 | D:6      | Reached ** piety under Okawaru
  4325 | D:6      | 4325 ||| INVOKING Heroism.
  4412 | D:6      | Reached skill level 3 in Invocations
  4612 | D:6      | 4612 ||| INVOKING Heroism.
  4965 | D:6      | 4965 ||| INVOKING Heroism.
  5136 | D:7      | Reached XP level 9. HP: 82/82 MP: 10/10
  5282 | D:7      | Found a snail-covered altar of Cheibriados.
  5287 | D:7      | Found a hazy altar of Hepliaklqana.
  5608 | D:7      | 5608 ||| INVOKING Heroism.
  5646 | D:7      | Reached skill level 3 in Armour
  5715 | D:7      | 5715 ||| INVOKING Heroism.
  5741 | D:7      | 5741 ||| INVOKING Heroism.
  5773 | D:7      | 5773 ||| FLEEEEING.
  5774 | D:7      | 5774 ||| FLEEEEING.
  6045 | D:7      | 6045 ||| INVOKING Heroism.
  6089 | D:7      | 6089 ||| READING scroll labelled ZICUGHUIQI.
  6090 | D:7      | 6090 ||| READING scroll labelled AGUIRI ORAGOK.
  6209 | D:8      | Noticed a gargoyle
  6218 | D:8      | 6218 ||| INVOKING Heroism.
  6218 | D:8      | HP: 17/82 [gargoyle/stone arrow (18)]
  6219 | D:8      | 6219 ||| READING 2 scrolls of teleportation.
  6220 | D:8      | Killed a gargoyle
  6546 | D:8      | Reached skill level 12 in Ranged Weapons
  6649 | D:8      | 6649 ||| INVOKING Heroism.
  6656 | D:8      | Reached XP level 10. HP: 90/90 MP: 9/12
  6798 | D:8      | 6798 ||| FLEEEEING.
  6799 | D:8      | 6799 ||| FLEEEEING.
  6800 | D:8      | 6800 ||| FLEEEEING.
  6801 | D:8      | 6801 ||| FLEEEEING.
  6809 | D:8      | 6809 ||| FLEEEEING.
  6810 | D:8      | 6810 ||| FLEEEEING.
  6814 | D:8      | 6814 ||| FLEEEEING.
  6817 | D:8      | 6817 ||| STAIRDANCE
  6861 | D:7      | 6861 ||| READING scroll labelled LOUNOE ANIVO.
  6865 | D:8      | 6865 ||| STAIRDANCE
  6910 | D:8      | 6910 ||| INVOKING Heroism.
  7211 | D:8      | Found a sparkling altar of Nemelex Xobeh.
  7211 | D:8      | Found a white marble altar of Elyvilon.
  7211 | D:8      | Found a sacrificial altar of Ru.
  7211 | D:8      | Found a shadowy altar of Dithmenos.
  7219 | D:8      | 7219 ||| INVOKING Heroism.
  7381 | D:8      | Found a stormy altar of Qazlal.
  7386 | D:8      | Found an ancient bone altar of Kikubaaqudgha.
  7686 | D:8      | 7686 ||| UPGRADING to +6 ring of dexterity.
  7688 | D:8      | 7688 ||| READING 5 scrolls of identify.
  7688 | D:8      | 7688 ||| IDENTIFYING metallic grey potion
  7712 | D:9      | 7712 ||| INVOKING Heroism.
  7750 | D:9      | 7750 ||| INVOKING Heroism.
  7755 | D:9      | Reached skill level 6 in Dodging
  7760 | D:9      | Reached *** piety under Okawaru
  7768 | D:9      | Reached skill level 9 in Fighting
  7971 | D:9      | Reached **** piety under Okawaru
  7976 | D:9      | 7976 ||| INVOKING Heroism.
  8009 | D:9      | Found a flagged portal.
  8084 | D:9      | Found a broken altar of Ashenzari.
  8085 | D:9      | Found a hide-covered altar of Uskayaw.
  8088 | D:9      | Found an ornate altar of the Wu Jian Council.
  8339 | D:9      | 8339 ||| FLEEEEING.
  8340 | D:9      | 8340 ||| FLEEEEING.
  8348 | D:9      | 8348 ||| FLEEEEING.
  8349 | D:9      | 8349 ||| FLEEEEING.
  8350 | D:9      | 8350 ||| FLEEEEING.
  8351 | D:9      | 8351 ||| FLEEEEING.
  8352 | D:9      | 8352 ||| FLEEEEING.
  8353 | D:9      | 8353 ||| FLEEEEING.
  8353 | D:9      | Noticed a rust devil
  8354 | D:9      | 8354 ||| FLEEEEING.
  8355 | D:9      | 8355 ||| FLEEEEING.
  8356 | D:9      | 8356 ||| FLEEEEING.
  8357 | D:9      | 8357 ||| FLEEEEING.
  8358 | D:9      | 8358 ||| FLEEEEING.
  8359 | D:9      | 8359 ||| FLEEEEING.
  8372 | D:9      | 8372 ||| UPGRADING to +0 troll leather armour.
  8382 | D:9      | 8382 ||| DROPPING +2 ring mail of cold resistance.
  8383 | D:9      | 8383 ||| READING 4 scrolls of identify.
  8383 | D:9      | 8383 ||| IDENTIFYING grey potion
  8389 | D:10     | Entered Level 10 of the Dungeon
  8390 | D:10     | 8390 ||| INVOKING Heroism.
  8497 | D:10     | 8497 ||| INVOKING Heroism.
  8500 | D:10     | Reached XP level 11. HP: 52/97 MP: 10/13
  8512 | D:10     | HP: 24/97 [poisoned by a killer bee]
  8513 | D:10     | 8513 ||| READING 3 scrolls of teleportation.
  8514 | D:10     | 8514 ||| DRINKING potion of heal wounds.
  8515 | D:10     | Found a runed translucent gate.
  8515 | D:10     | Found a runed translucent gate.
  8515 | D:10     | Found a runed translucent gate.
  8515 | D:10     | Found an opulent altar of Gozag.
  8515 | D:10     | Noticed a four-headed hydra
  8515 | D:10     | Noticed qw's ghost (novice GrFi)
  8517 | D:10     | Noticed a two-headed ogre
  8522 | D:10     | Noticed an ogre mage
  8572 | D:10     | Found a staircase to the Lair.
  8574 | D:10     | 8574 ||| Stepping ~*~*~tactically~*~*~ (outnumbered).
  8577 | D:10     | 8577 ||| Stepping ~*~*~tactically~*~*~ (outnumbered).
  8581 | D:10     | 8581 ||| Stepping ~*~*~tactically~*~*~ (outnumbered).
  8598 | D:10     | 8598 ||| INVOKING Heroism.
  8777 | D:10     | Reached skill level 10 in Fighting
  8910 | D:10     | 8910 ||| PLANNING LAIR
  8922 | Lair:1   | Entered Level 1 of the Lair of Beasts
  8992 | Lair:1   | 8992 ||| INVOKING Heroism.
  9078 | Lair:1   | 9078 ||| INVOKING Heroism.
  9152 | Lair:1   | 9152 ||| INVOKING Heroism.
  9159 | Lair:1   | Reached skill level 6 in Invocations
  9341 | Lair:1   | Found a runed translucent gate.
  9342 | Lair:1   | Found a runed translucent gate.
  9343 | Lair:1   | Found a runed translucent gate.
  9369 | Lair:1   | Noticed a boulder beetle
  9370 | Lair:1   | 9370 ||| INVOKING Heroism.
  9376 | Lair:1   | Killed a boulder beetle
  9494 | Lair:1   | Noticed qw's ghost (journeyman GrFi)
  9774 | Lair:1   | 9774 ||| READING scroll labelled MATHRI APSE.
  9827 | Lair:2   | Reached ***** piety under Okawaru
  9921 | Lair:2   | Noticed a skyshark
  9981 | Lair:2   | Killed a skyshark
  9997 | Lair:2   | 9997 ||| INVOKING Heroism.
 10022 | Lair:2   | Reached skill level 15 in Ranged Weapons
 10022 | Lair:2   | Noticed a death yak
 10022 | Lair:2   | 10022 ||| INVOKING Heroism.
 10023 | Lair:2   | 10023 ||| INVOKING Finesse.
 10024 | Lair:2   | 10024 ||| INVOKING Finesse.
 10031 | Lair:2   | Killed a death yak
 10125 | Lair:2   | 10125 ||| INVOKING Heroism.
 10127 | Lair:2   | Noticed a four-headed hydra
 10128 | Lair:2   | 10128 ||| INVOKING Finesse.
 10131 | Lair:2   | Killed a four-headed hydra
 10133 | Lair:2   | Reached skill level 9 in Dodging
 10145 | Lair:2   | Noticed a five-headed hydra
 10150 | Lair:2   | Killed a five-headed hydra
 10151 | Lair:2   | Reached XP level 12. HP: 106/106 MP: 11/17
 10416 | Lair:2   | Noticed a six-headed hydra
 10417 | Lair:2   | 10417 ||| INVOKING Heroism.
 10418 | Lair:2   | 10418 ||| INVOKING Finesse.
 10425 | Lair:2   | Killed a six-headed hydra
 10564 | Lair:2   | 10564 ||| READING scroll of enchant armour.
 10564 | Lair:2   | 10564 ||| ENCHANTING +0 pair of gloves.
 10741 | Lair:2   | 10741 ||| UPGRADING to amulet of faith.
 10796 | Lair:3   | Reached skill level 9 in Invocations
 11018 | Lair:3   | 11018 ||| INVOKING Heroism.
 11019 | Lair:3   | HP: 18/106 [poisoned by a black mamba]
 11020 | Lair:3   | 11020 ||| DRINKING 8 potions of curing.
 11020 | Lair:3   | 11020 ||| (to cure poison)
 11117 | Lair:3   | 11117 ||| INVOKING Heroism.
 11214 | Lair:3   | Found a staircase to the Swamp.
 11355 | Lair:3   | Found a staircase to the Snake Pit.
 11553 | Lair:3   | 11553 ||| DROPPING +0 ring mail of cold resistance.
 11554 | Lair:3   | 11554 ||| READING scroll labelled JUANWA ZYGINIQ.
 11555 | Lair:3   | 11555 ||| READING 9 scrolls of identify.
 11555 | Lair:3   | 11555 ||| IDENTIFYING viscous ruby potion
 11556 | Lair:3   | 11556 ||| DROPPING potion of brilliance.
 11689 | Lair:4   | Received a gift from Okawaru
 11692 | Lair:4   | 11692 ||| INVOKING Heroism.
 11901 | Lair:4   | 11901 ||| INVOKING Heroism.
 11925 | Lair:4   | Reached skill level 11 in Fighting
 11942 | Lair:4   | 11942 ||| INVOKING Heroism.
 12024 | Lair:4   | Noticed an eight-headed hydra
 12025 | Lair:4   | 12025 ||| INVOKING Heroism.
 12025 | Lair:4   | Noticed a six-headed hydra
 12026 | Lair:4   | 12026 ||| INVOKING Finesse.
 12033 | Lair:4   | Killed an eight-headed hydra
 12045 | Lair:4   | 12045 ||| SWAPPING to +0 orcbow of flaming.
 12046 | Lair:4   | Killed a six-headed hydra
 12047 | Lair:4   | 12047 ||| SWAPPING to +1 arbalest of Makhleb, Destroying
                  | {freeze, rC++ Will+}.
 12059 | Lair:4   | Received a gift from Okawaru
 12072 | Lair:4   | Reached XP level 13. HP: 116/116 MP: 15/19
 12074 | Lair:4   | 12074 ||| INVOKING Finesse.
 12529 | Lair:5   | Entered Level 5 of the Lair of Beasts
 12530 | Lair:5   | 12530 ||| INVOKING Heroism.
 12543 | Lair:5   | 12543 ||| STAIRDANCE
 12547 | Lair:4   | HP: 24/116 [elephant (9)]
 12548 | Lair:4   | 12548 ||| READING 4 scrolls of teleportation.
 12549 | Lair:4   | 12549 ||| DRINKING 2 potions of heal wounds.
 12651 | Lair:5   | 12651 ||| STAIRDANCE
 12652 | Lair:5   | 12652 ||| INVOKING Heroism.
 12748 | Lair:5   | 12748 ||| INVOKING Heroism.
 12749 | Lair:5   | 12749 ||| INVOKING Finesse.
 12799 | Lair:5   | 12799 ||| INVOKING Heroism.
 12827 | Lair:5   | 12827 ||| INVOKING Heroism.
 12862 | Lair:5   | 12862 ||| INVOKING Heroism.
 12905 | Lair:5   | 12905 ||| INVOKING Heroism.
 12907 | Lair:5   | Reached skill level 18 in Ranged Weapons
 12907 | Lair:5   | 12907 ||| Stepping ~*~*~tactically~*~*~ (cloud).
 12911 | Lair:5   | 12911 ||| Stepping ~*~*~tactically~*~*~ (cloud).
 12912 | Lair:5   | 12912 ||| Stepping ~*~*~tactically~*~*~ (cloud).
 12956 | Lair:5   | 12956 ||| INVOKING Heroism.
 12962 | Lair:5   | Reached skill level 12 in Fighting
 12971 | Lair:5   | HP: 24/118 [manticore (9)]
 12972 | Lair:5   | 12972 ||| READING 3 scrolls of teleportation.
 12973 | Lair:5   | 12973 ||| DRINKING potion of heal wounds.
 13101 | Lair:5   | 13101 ||| INVOKING Heroism.
 13204 | Lair:5   | 13204 ||| INVOKING Heroism.
 13268 | Lair:5   | 13268 ||| INVOKING Heroism.
 13269 | Lair:5   | 13269 ||| INVOKING Finesse.
 13270 | Lair:5   | 13270 ||| Stepping ~*~*~tactically~*~*~ (cloud).
 13272 | Lair:5   | 13272 ||| Stepping ~*~*~tactically~*~*~ (cloud).
 13273 | Lair:5   | 13273 ||| Stepping ~*~*~tactically~*~*~ (cloud).
 13364 | Lair:5   | 13364 ||| INVOKING Heroism.
 13422 | Lair:5   | Found a runed translucent door.
 13422 | Lair:5   | Found a viscous altar of Jiyva.
 13424 | Lair:5   | Found a staircase to the Slime Pits.
 13472 | Lair:5   | 13472 ||| INVOKING Heroism.
 13562 | Lair:5   | 13562 ||| INVOKING Heroism.
 13608 | Lair:5   | 13608 ||| Stepping ~*~*~tactically~*~*~ (cloud).
 13612 | Lair:5   | 13612 ||| INVOKING Heroism.
 13613 | Lair:5   | 13613 ||| Stepping ~*~*~tactically~*~*~ (cloud).
 13619 | Lair:5   | 13619 ||| Stepping ~*~*~tactically~*~*~ (cloud).
 13625 | Lair:5   | 13625 ||| Stepping ~*~*~tactically~*~*~ (cloud).
 13626 | Lair:5   | 13626 ||| INVOKING Heroism.
 13627 | Lair:5   | Reached skill level 13 in Fighting
 13738 | Lair:5   | 13738 ||| INVOKING Heroism.
 13934 | Lair:5   | Found the +1 robe of Vines {NoPotionHeal Regen++++}
 13950 | Lair:5   | 13950 ||| PLANNING D:1-11
 13950 | Lair:5   | 13950 ||| DROPPING +2 robe of fire resistance.
 13951 | Lair:5   | 13951 ||| UPGRADING to +1 robe of Vines {NoPotionHeal
                  | Regen++++}.
 13961 | Lair:5   | 13961 ||| DROPPING +0 troll leather armour.
 13962 | Lair:5   | 13962 ||| DROPPING ring of resist corrosion.
 13963 | Lair:5   | 13963 ||| READING scroll labelled UBUTUT YZIU.
 14119 | D:11     | 14119 ||| STAIRDANCE
 14322 | D:11     | Reached XP level 14. HP: 129/129 MP: 20/20
 14329 | D:11     | Reached skill level 12 in Dodging
 14495 | D:11     | 14495 ||| Stepping ~*~*~tactically~*~*~ (outnumbered).
 14603 | D:11     | Found a snail-covered altar of Cheibriados.
 14619 | D:11     | Reached skill level 14 in Fighting
 14642 | D:11     | Found a runed translucent door.
 14642 | D:11     | Noticed Dusieq's ghost (journeyman DsCj)
 14949 | D:11     | 14949 ||| PLANNING D
 14949 | D:11     | 14949 ||| READING scroll labelled HUAMPO RODOIVAI.
 14997 | D:12     | 14997 ||| INVOKING Heroism.
 14998 | D:12     | 14998 ||| INVOKING Finesse.
 15093 | D:12     | Noticed Frances
 15094 | D:12     | 15094 ||| INVOKING Heroism.
 15095 | D:12     | 15095 ||| INVOKING Finesse.
 15123 | D:12     | Killed Frances
 15245 | D:12     | 15245 ||| READING scroll of enchant armour.
 15245 | D:12     | 15245 ||| ENCHANTING +1 pair of gloves.
 15289 | D:12     | Found a staircase to the Orcish Mines.
 15374 | D:12     | Found a portal to a secret trove of treasure.
 15515 | D:12     | 15515 ||| UPGRADING to +1 pair of boots.
 15525 | D:12     | 15525 ||| DROPPING +0 pair of boots.
 15566 | D:13     | 15566 ||| INVOKING Heroism.
 15590 | D:13     | 15590 ||| DROPPING ring of magical power.
 15591 | D:13     | 15591 ||| Stepping randomly (disturbance).
 15846 | D:13     | 15846 ||| Stepping ~*~*~tactically~*~*~ (outnumbered).
 15849 | D:13     | 15849 ||| Stepping ~*~*~tactically~*~*~ (outnumbered).
 15935 | D:13     | You fall into a shaft and drop 2 floors!
 15935 | D:15     | Entered Level 15 of the Dungeon
 15983 | D:15     | 15983 ||| Stepping ~*~*~tactically~*~*~ (outnumbered).
 15984 | D:15     | 15984 ||| Stepping ~*~*~tactically~*~*~ (outnumbered).
 15986 | D:15     | 15986 ||| Stepping ~*~*~tactically~*~*~ (outnumbered).
 15988 | D:15     | 15988 ||| Stepping ~*~*~tactically~*~*~ (outnumbered).
 16012 | D:15     | Reached skill level 15 in Fighting
 16028 | D:15     | 16028 ||| READING 8 scrolls of identify.
 16028 | D:15     | 16028 ||| IDENTIFYING inky potion
 16029 | D:15     | 16029 ||| DRINKING potion of experience.
 16029 | D:15     | Reached XP level 15. HP: 141/141 MP: 21/21
 16044 | D:15     | Identified the +1 pair of boots "Bonuonompi" {rF- rC++
                  | Regen+ Str+4} (Okawaru gifted it to you on level 15 of the
                  | Dungeon)
 16044 | D:15     | Received a gift from Okawaru
 16054 | D:15     | 16054 ||| INVOKING Heroism.
 16063 | D:15     | HP: 31/141 [slime creature simulacrum[a necromancer] (5)]
 16064 | D:15     | 16064 ||| READING 2 scrolls of teleportation.
 16065 | D:15     | HP: 15/141 [slime creature simulacrum[a necromancer] (8)]
 16078 | D:15     | 16078 ||| Stepping randomly (stuck).
 16079 | D:15     | 16079 ||| Stepping randomly (stuck).
 16080 | D:15     | 16080 ||| Stepping randomly (stuck).
 16081 | D:15     | 16081 ||| Stepping randomly (stuck).
 16082 | D:15     | 16082 ||| Stepping randomly (stuck).
 16083 | D:15     | 16083 ||| Stepping randomly (stuck).
 16084 | D:15     | 16084 ||| Stepping randomly (stuck).
 16085 | D:15     | 16085 ||| Stepping randomly (stuck).
 16086 | D:15     | 16086 ||| Stepping randomly (stuck).
 16089 | D:15     | 16089 ||| Stepping randomly (stuck).
 16098 | D:15     | 16098 ||| Stepping randomly (stuck).
 16099 | D:15     | 16099 ||| Stepping randomly (stuck).
 16100 | D:15     | 16100 ||| Stepping randomly (stuck).
 16101 | D:15     | 16101 ||| Stepping randomly (stuck).
 16102 | D:15     | 16102 ||| Stepping randomly (stuck).
 16103 | D:15     | 16103 ||| Stepping randomly (stuck).
 16104 | D:15     | 16104 ||| Stepping randomly (stuck).
 16105 | D:15     | 16105 ||| Stepping randomly (stuck).
 16106 | D:15     | 16106 ||| Stepping randomly (stuck).
 16107 | D:15     | 16107 ||| Stepping randomly (stuck).
 16108 | D:15     | 16108 ||| Stepping randomly (stuck).
 16109 | D:15     | 16109 ||| Stepping randomly (stuck).
 16110 | D:15     | 16110 ||| Stepping randomly (stuck).
 16111 | D:15     | 16111 ||| Stepping randomly (stuck).
 16112 | D:15     | 16112 ||| Stepping randomly (stuck).
 16113 | D:15     | 16113 ||| Stepping randomly (stuck).
 16114 | D:15     | 16114 ||| Stepping randomly (stuck).
 16115 | D:15     | 16115 ||| Stepping randomly (stuck).
 16116 | D:15     | 16116 ||| Stepping randomly (stuck).
 16117 | D:15     | 16117 ||| Stepping randomly (stuck).
 16118 | D:15     | 16118 ||| Stepping randomly (stuck).
 16119 | D:15     | 16119 ||| Stepping randomly (stuck).
 16120 | D:15     | 16120 ||| Stepping randomly (stuck).
 16121 | D:15     | 16121 ||| Stepping randomly (stuck).
 16122 | D:15     | 16122 ||| Stepping randomly (stuck).
 16126 | D:15     | 16126 ||| Stepping randomly (stuck).
 16127 | D:15     | 16127 ||| Stepping randomly (stuck).
 16128 | D:15     | 16128 ||| Stepping randomly (stuck).
 16129 | D:15     | 16129 ||| Stepping randomly (stuck).
 16130 | D:15     | 16130 ||| Stepping randomly (stuck).
 16131 | D:15     | 16131 ||| Stepping randomly (stuck).
 16132 | D:15     | 16132 ||| Stepping randomly (stuck).
 16133 | D:15     | 16133 ||| Stepping randomly (stuck).
 16134 | D:15     | 16134 ||| Stepping randomly (stuck).
 16135 | D:15     | 16135 ||| Stepping randomly (stuck).
 16136 | D:15     | 16136 ||| Stepping randomly (stuck).
 16137 | D:15     | 16137 ||| Stepping randomly (stuck).
 16138 | D:15     | 16138 ||| Stepping randomly (stuck).
 16139 | D:15     | 16139 ||| Stepping randomly (stuck).
 16140 | D:15     | 16140 ||| Stepping randomly (stuck).
 16141 | D:15     | 16141 ||| Stepping randomly (stuck).
 16142 | D:15     | 16142 ||| READING scroll of teleportation.
 16145 | D:15     | 16145 ||| Stepping randomly (stuck).
 16146 | D:15     | 16146 ||| Stepping randomly (stuck).
 16147 | D:15     | 16147 ||| Stepping randomly (stuck).
 16148 | D:15     | 16148 ||| Stepping randomly (stuck).
 16149 | D:15     | 16149 ||| Stepping randomly (stuck).
 16150 | D:15     | 16150 ||| Stepping randomly (stuck).
 16151 | D:15     | 16151 ||| Stepping randomly (stuck).
 16152 | D:15     | 16152 ||| Stepping randomly (stuck).
 16153 | D:15     | 16153 ||| Stepping randomly (stuck).
 16154 | D:15     | 16154 ||| Stepping randomly (stuck).
 16155 | D:15     | 16155 ||| Stepping randomly (stuck).
 16156 | D:15     | 16156 ||| Stepping randomly (stuck).
 16157 | D:15     | 16157 ||| Stepping randomly (stuck).
 16158 | D:15     | 16158 ||| Stepping randomly (stuck).
 16159 | D:15     | 16159 ||| Stepping randomly (stuck).
 16160 | D:15     | 16160 ||| Stepping randomly (stuck).
 16161 | D:15     | 16161 ||| Stepping randomly (stuck).
 16162 | D:15     | 16162 ||| Stepping randomly (stuck).
 16163 | D:15     | 16163 ||| Stepping randomly (stuck).
 16164 | D:15     | 16164 ||| Stepping randomly (stuck).
 16165 | D:15     | 16165 ||| Stepping randomly (stuck).
 16166 | D:15     | 16166 ||| Stepping randomly (stuck).
 16167 | D:15     | 16167 ||| Stepping randomly (stuck).
 16168 | D:15     | 16168 ||| Stepping randomly (stuck).
 16169 | D:15     | 16169 ||| Stepping randomly (stuck).
 16170 | D:15     | 16170 ||| Stepping randomly (stuck).
 16171 | D:15     | 16171 ||| Stepping randomly (stuck).
 16172 | D:15     | 16172 ||| Stepping randomly (stuck).
 16173 | D:15     | 16173 ||| Stepping randomly (stuck).
 16174 | D:15     | 16174 ||| INVOKING Heroism.
 16183 | D:15     | Reached skill level 15 in Dodging
 16183 | D:15     | 16183 ||| Stepping randomly (stuck).
 16184 | D:15     | 16184 ||| Stepping randomly (stuck).
 16185 | D:15     | 16185 ||| Stepping randomly (stuck).
 16186 | D:15     | 16186 ||| Stepping randomly (stuck).
 16187 | D:15     | 16187 ||| Stepping randomly (stuck).
 16188 | D:15     | 16188 ||| Stepping randomly (stuck).
 16189 | D:15     | 16189 ||| Stepping randomly (stuck).
 16190 | D:15     | 16190 ||| Stepping randomly (stuck).
 16191 | D:15     | 16191 ||| Stepping randomly (stuck).
 16192 | D:15     | 16192 ||| Stepping randomly (stuck).
 16193 | D:15     | 16193 ||| Stepping randomly (stuck).
 16194 | D:15     | 16194 ||| Stepping randomly (stuck).
 16195 | D:15     | 16195 ||| Stepping randomly (stuck).
 16196 | D:15     | 16196 ||| Stepping randomly (stuck).
 16197 | D:15     | 16197 ||| Stepping randomly (stuck).
 16198 | D:15     | 16198 ||| Stepping randomly (stuck).
 16199 | D:15     | 16199 ||| Stepping randomly (stuck).
 16200 | D:15     | 16200 ||| Stepping randomly (stuck).
 16201 | D:15     | 16201 ||| Stepping randomly (stuck).
 16202 | D:15     | 16202 ||| Stepping randomly (stuck).
 16203 | D:15     | 16203 ||| Stepping randomly (stuck).
 16204 | D:15     | 16204 ||| Stepping randomly (stuck).
 16205 | D:15     | 16205 ||| Stepping randomly (stuck).
 16206 | D:15     | 16206 ||| Stepping randomly (stuck).
 16207 | D:15     | 16207 ||| Stepping randomly (stuck).
 16212 | D:15     | 16212 ||| Stepping randomly (stuck).
 16213 | D:15     | 16213 ||| Stepping randomly (stuck).
 16214 | D:15     | 16214 ||| Stepping randomly (stuck).
 16215 | D:15     | 16215 ||| Stepping randomly (stuck).
 16216 | D:15     | 16216 ||| Stepping randomly (stuck).
 16217 | D:15     | 16217 ||| Stepping randomly (stuck).
 16218 | D:15     | 16218 ||| Stepping randomly (stuck).
 16219 | D:15     | 16219 ||| Stepping randomly (stuck).
 16220 | D:15     | 16220 ||| Stepping randomly (stuck).
 16229 | D:15     | Found a staircase to the Depths.
 16230 | D:15     | 16230 ||| INVOKING Heroism.
 16261 | D:14     | Found a gate to the Vaults.
 16273 | D:14     | 16273 ||| INVOKING Heroism.
 16303 | D:14     | 16303 ||| INVOKING Heroism.
 16305 | D:14     | Reached skill level 16 in Fighting
 16542 | D:14     | Found a shadowy altar of Dithmenos.
 16582 | D:14     | Noticed Snorg
 16587 | D:14     | Killed Snorg
 16666 | D:14     | Identified the ring of Mistrust {*Corrode rC+ rN+ Slay+5}
 16687 | D:14     | Found a transporter.
 16691 | D:14     | Noticed Axipewex's ghost (journeyman OgTm)
 16703 | D:14     | Noticed an iron dragon
 16763 | D:14     | 16763 ||| DROPPING ring of willpower.
 16764 | D:14     | 16764 ||| DROPPING +6 ring of strength.
 16765 | D:14     | 16765 ||| DROPPING ring of ice.
 17156 | D:14     | Found a transporter.
 17196 | D:14     | 17196 ||| INVOKING Heroism.
 17199 | D:14     | 17199 ||| SWAPPING to +0 orcbow of flaming.
 17201 | D:14     | 17201 ||| SWAPPING to +1 arbalest of Makhleb, Destroying
                  | {freeze, rC++ Will+}.
 17253 | D:14     | 17253 ||| READING 7 scrolls of identify.
 17253 | D:14     | 17253 ||| IDENTIFYING bubbling green potion
 17349 | D:15     | Reached skill level 17 in Fighting
 17361 | D:15     | 17361 ||| INVOKING Heroism.
 17376 | D:15     | Noticed Agnes
 17390 | D:15     | Killed Agnes
 17666 | D:15     | 17666 ||| INVOKING Heroism.
 17673 | D:15     | Reached XP level 16. HP: 155/155 MP: 20/22
 17798 | D:15     | 17798 ||| PLANNING ORC
 17798 | D:15     | 17798 ||| UPGRADING to +1 pair of boots "Bonuonompi" {rF-
                  | rC++ Regen+ Str+4}.
 17808 | D:15     | 17808 ||| READING 6 scrolls of identify.
 17808 | D:15     | 17808 ||| IDENTIFYING puce potion
 17911 | Orc:1    | Entered Level 1 of the Orcish Mines
 18107 | Orc:2    | Entered Level 2 of the Orcish Mines
 18126 | Orc:1    | 18126 ||| INVOKING Heroism.
 18403 | Orc:2    | 18403 ||| Stepping ~*~*~tactically~*~*~ (outnumbered).
 18405 | Orc:2    | 18405 ||| Stepping ~*~*~tactically~*~*~ (outnumbered).
 18411 | Orc:2    | 18411 ||| Stepping ~*~*~tactically~*~*~ (outnumbered).
 18426 | Orc:2    | Found a staircase to the Elven Halls.
 18559 | Orc:2    | 18559 ||| INVOKING Heroism.
 18649 | Orc:2    | 18649 ||| INVOKING Heroism.
 18652 | Orc:2    | Gained mutation: You occasionally shout uncontrollably at
                  | your foes. [a neqoxec]
 18653 | Orc:2    | Gained mutation: You are strong-willed. (Will+) [a neqoxec]
 18654 | Orc:2    | 18654 ||| SWAPPING to +3 orcbow.
 18691 | Orc:2    | 18691 ||| READING 2 scrolls of enchant weapon.
 18691 | Orc:2    | 18691 ||| ENCHANTING +3 orcbow.
 18692 | Orc:2    | 18692 ||| READING scroll of enchant weapon.
 18692 | Orc:2    | 18692 ||| ENCHANTING +4 orcbow.
 18693 | Orc:2    | 18693 ||| READING scroll of brand weapon.
 18693 | Orc:2    | 18693 ||| BRANDING +5 orcbow.
 18694 | Orc:2    | 18694 ||| DROPPING +0 orcbow of flaming.
 18768 | Orc:2    | 18768 ||| INVOKING Heroism.
 18815 | Orc:2    | 18815 ||| INVOKING Heroism.
 18864 | Orc:2    | Found Hicruol's Antique Weapon Emporium.
 18869 | Orc:2    | 18869 ||| INVOKING Heroism.
 18870 | Orc:2    | 18870 ||| Stepping ~*~*~tactically~*~*~ (outnumbered).
 18897 | Orc:2    | Found Jeys's Book Shop.
 18902 | Orc:2    | 18902 ||| BUYING +27 heavy crossbow "Sniper" {heavy, Acc+∞
                  | SInv} (2000 gold).
 18902 | Orc:2    | Bought the +27 heavy crossbow "Sniper" {heavy, Acc+∞ SInv}
                  | for 2000 gold pieces
 18902 | Orc:2    | Found the +27 heavy crossbow "Sniper" {heavy, Acc+∞ SInv}
 18902 | Orc:2    | 18902 ||| SWAPPING to +27 heavy crossbow "Sniper" {heavy,
                  | Acc+∞ SInv}.
 18903 | Orc:2    | 18903 ||| DROPPING +1 arbalest of Makhleb, Destroying
                  | {freeze, rC++ Will+}.
 18907 | Orc:2    | Found Perphauta's Book Shop.
 18909 | Orc:2    | Found Muineups's Antique Weapon Emporium.
 19254 | Orc:2    | 19254 ||| PLANNING SNAKE:1-3
 19480 | Snake:1  | Entered Level 1 of the Snake Pit
 19486 | Snake:1  | 19486 ||| INVOKING Heroism.
 19504 | Snake:1  | Noticed Aizul
 19507 | Snake:1  | Killed Aizul
 19508 | Snake:1  | 19508 ||| Stepping ~*~*~tactically~*~*~ (outnumbered).
 19526 | Snake:1  | 19526 ||| Stepping ~*~*~tactically~*~*~ (outnumbered).
 19528 | Snake:1  | 19528 ||| Stepping ~*~*~tactically~*~*~ (outnumbered).
 19530 | Snake:1  | 19530 ||| Stepping ~*~*~tactically~*~*~ (outnumbered).
 19532 | Snake:1  | 19532 ||| Stepping ~*~*~tactically~*~*~ (outnumbered).
 19536 | Snake:1  | 19536 ||| Stepping ~*~*~tactically~*~*~ (outnumbered).
 19539 | Snake:1  | 19539 ||| Stepping ~*~*~tactically~*~*~ (outnumbered).
 19541 | Snake:1  | 19541 ||| Stepping ~*~*~tactically~*~*~ (outnumbered).
 19544 | Snake:1  | 19544 ||| Stepping ~*~*~tactically~*~*~ (outnumbered).
 19546 | Snake:1  | 19546 ||| Stepping ~*~*~tactically~*~*~ (outnumbered).
 19549 | Snake:1  | 19549 ||| Stepping ~*~*~tactically~*~*~ (outnumbered).
 19552 | Snake:1  | 19552 ||| Stepping ~*~*~tactically~*~*~ (outnumbered).
 19554 | Snake:1  | 19554 ||| Stepping ~*~*~tactically~*~*~ (outnumbered).
 19556 | Snake:1  | 19556 ||| Stepping ~*~*~tactically~*~*~ (outnumbered).
 19558 | Snake:1  | 19558 ||| Stepping ~*~*~tactically~*~*~ (outnumbered).
 19560 | Snake:1  | 19560 ||| Stepping ~*~*~tactically~*~*~ (outnumbered).
 19562 | Snake:1  | 19562 ||| Stepping ~*~*~tactically~*~*~ (outnumbered).
 19568 | Snake:1  | 19568 ||| Stepping ~*~*~tactically~*~*~ (outnumbered).
 19570 | Snake:1  | 19570 ||| Stepping ~*~*~tactically~*~*~ (outnumbered).
 19573 | Snake:1  | 19573 ||| Stepping ~*~*~tactically~*~*~ (outnumbered).
 19577 | Snake:1  | 19577 ||| Stepping ~*~*~tactically~*~*~ (outnumbered).
 19579 | Snake:1  | 19579 ||| Stepping ~*~*~tactically~*~*~ (outnumbered).
 19582 | Snake:1  | 19582 ||| Stepping ~*~*~tactically~*~*~ (outnumbered).
 19585 | Snake:1  | 19585 ||| Stepping ~*~*~tactically~*~*~ (outnumbered).
 19587 | Snake:1  | 19587 ||| Stepping ~*~*~tactically~*~*~ (outnumbered).
 19590 | Snake:1  | 19590 ||| Stepping ~*~*~tactically~*~*~ (outnumbered).
 19594 | Snake:1  | 19594 ||| Stepping ~*~*~tactically~*~*~ (outnumbered).
 19597 | Snake:1  | 19597 ||| Stepping ~*~*~tactically~*~*~ (outnumbered).
 19599 | Snake:1  | 19599 ||| Stepping ~*~*~tactically~*~*~ (outnumbered).
 19603 | Snake:1  | 19603 ||| Stepping ~*~*~tactically~*~*~ (outnumbered).
 19607 | Snake:1  | 19607 ||| Stepping ~*~*~tactically~*~*~ (outnumbered).
 19609 | Snake:1  | 19609 ||| Stepping ~*~*~tactically~*~*~ (outnumbered).
 19611 | Snake:1  | 19611 ||| Stepping ~*~*~tactically~*~*~ (outnumbered).
 19618 | Snake:1  | 19618 ||| Stepping ~*~*~tactically~*~*~ (outnumbered).
 19622 | Snake:1  | 19622 ||| Stepping ~*~*~tactically~*~*~ (outnumbered).
 19625 | Snake:1  | 19625 ||| Stepping ~*~*~tactically~*~*~ (outnumbered).
 19629 | Snake:1  | 19629 ||| Stepping ~*~*~tactically~*~*~ (outnumbered).
 19767 | Snake:1  | Noticed Josephine
 19769 | Snake:1  | Killed Josephine
 19773 | Snake:1  | 19773 ||| INVOKING Heroism.
 19854 | Snake:1  | 19854 ||| INVOKING Heroism.
 19855 | Snake:1  | 19855 ||| Stepping ~*~*~tactically~*~*~ (outnumbered).
 19875 | Snake:1  | Found a transporter.
 19945 | Snake:1  | Found Ycwoz's Gadget Gallery.
 19953 | Snake:1  | 19953 ||| SHOPLISTING wand of digging (7) (382 gold, have
                  | 340).
 20144 | Snake:1  | 20144 ||| INVOKING Heroism.
 20180 | Snake:1  | Found a transporter.
 20256 | Snake:2  | Found Fyosywos's Jewellery Shoppe.
 20265 | Snake:2  | 20265 ||| SHOPLISTING amulet "Qiddeys" {Faith rN+} (972
                  | gold, have 340).
 20265 | Snake:2  | 20265 ||| SHOPLISTING amulet of reflection (570 gold, have
                  | 340).
 20274 | Snake:2  | 20274 ||| INVOKING Heroism.
 20323 | Snake:2  | 20323 ||| INVOKING Heroism.
 20418 | Snake:2  | 20418 ||| INVOKING Heroism.
 20502 | Snake:2  | 20502 ||| INVOKING Heroism.
 20504 | Snake:2  | 20504 ||| Stepping ~*~*~tactically~*~*~ (outnumbered).
 20505 | Snake:2  | Received a gift from Okawaru
 20513 | Snake:2  | 20513 ||| DROPPING +5 orcbow of flaming.
 20547 | Snake:2  | 20547 ||| INVOKING Heroism.
 20590 | Snake:2  | 20590 ||| INVOKING Heroism.
 20746 | Snake:3  | 20746 ||| INVOKING Heroism.
 20756 | Snake:3  | 20756 ||| STAIRDANCE
 20787 | Snake:3  | 20787 ||| STAIRDANCE
 20802 | Snake:3  | 20802 ||| STAIRDANCE
 20879 | Snake:3  | 20879 ||| INVOKING Heroism.
 20881 | Snake:3  | 20881 ||| Stepping ~*~*~tactically~*~*~ (outnumbered).
 20888 | Snake:3  | Identified the +6 crystal plate armour of the Zebra {rCorr
                  | Str+5 Int+3} (Okawaru gifted it to you on level 3 of the
                  | Snake Pit)
 20888 | Snake:3  | Received a gift from Okawaru
 20889 | Snake:3  | Reached XP level 17. HP: 161/161 MP: 23/23
 20890 | Snake:3  | Reached skill level 21 in Ranged Weapons
 20891 | Snake:3  | Noticed Vashnia
 20892 | Snake:3  | 20892 ||| Stepping ~*~*~tactically~*~*~ (outnumbered).
 20893 | Snake:3  | 20893 ||| Stepping ~*~*~tactically~*~*~ (outnumbered).
 20895 | Snake:3  | 20895 ||| Stepping ~*~*~tactically~*~*~ (outnumbered).
 20897 | Snake:3  | 20897 ||| Stepping ~*~*~tactically~*~*~ (outnumbered).
 20901 | Snake:3  | Killed Vashnia
 21012 | Snake:3  | Noticed Asterion
 21013 | Snake:3  | 21013 ||| INVOKING Heroism.
 21014 | Snake:3  | 21014 ||| INVOKING Finesse.
 21017 | Snake:3  | Killed Asterion
 21105 | Snake:3  | Found Plog's Antique Armour Shop.
 21132 | Snake:3  | 21132 ||| BUYING glowing cloak (247 gold).
 21132 | Snake:3  | Bought a glowing cloak for 247 gold pieces
 21234 | Snake:3  | 21234 ||| INVOKING Heroism.
 21564 | Snake:3  | Found a runed translucent door.
 21564 | Snake:3  | Noticed Bunnuime's ghost (adept DECj)
 21897 | Snake:3  | 21897 ||| UPGRADING to +0 cloak of poison resistance.
 21902 | Snake:3  | 21902 ||| DROPPING amulet of the acrobat.
 21997 | Snake:3  | 21997 ||| PLANNING SWAMP:1-3
 22036 | Swamp:1  | Entered Level 1 of the Swamp
 22046 | Swamp:1  | 22046 ||| INVOKING Heroism.
 22244 | Swamp:1  | 22244 ||| INVOKING Heroism.
 22283 | Swamp:1  | 22283 ||| INVOKING Heroism.
 22286 | Swamp:1  | Reached skill level 6 in Armour
 22518 | Swamp:2  | 22518 ||| INVOKING Heroism.
 22520 | Swamp:2  | 22520 ||| SWAPPING to +1 triple crossbow of flaming.
 22522 | Swamp:2  | 22522 ||| SWAPPING to +27 heavy crossbow "Sniper" {heavy,
                  | Acc+∞ SInv}.
 22567 | Swamp:2  | Identified Roxanne's Disquisition on Spelunking
 22567 | Swamp:2  | Noticed Roxanne
 22568 | Swamp:2  | 22568 ||| INVOKING Heroism.
 22570 | Swamp:2  | Killed Roxanne
 22982 | Swamp:2  | 22982 ||| UPGRADING to +2 hat.
 22987 | Swamp:2  | 22987 ||| READING scroll labelled COEKAG DIYBI.
 23088 | Swamp:2  | 23088 ||| READING 6 scrolls of identify.
 23088 | Swamp:2  | 23088 ||| IDENTIFYING black potion
 23125 | Swamp:3  | Noticed Mara
 23126 | Swamp:3  | 23126 ||| INVOKING Heroism.
 23129 | Swamp:3  | Killed Mara
 23132 | Swamp:3  | 23132 ||| Stepping ~*~*~tactically~*~*~ (water).
 23139 | Swamp:3  | 23139 ||| FLEEEEING.
 23140 | Swamp:3  | 23140 ||| STAIRDANCE
 23255 | Swamp:3  | 23255 ||| INVOKING Heroism.
 23274 | Swamp:3  | Reached skill level 18 in Fighting
 23463 | Swamp:3  | 23463 ||| INVOKING Heroism.
 23531 | Swamp:3  | 23531 ||| INVOKING Heroism.
 23694 | Swamp:3  | 23694 ||| PLANNING SNAKE:4
 23812 | Snake:4  | Entered Level 4 of the Snake Pit
 23843 | Snake:4  | 23843 ||| INVOKING Heroism.
 23870 | Snake:4  | 23870 ||| Stepping ~*~*~tactically~*~*~ (outnumbered).
 23881 | Snake:4  | 23881 ||| INVOKING Heroism.
 24045 | Snake:4  | 24045 ||| INVOKING Heroism.
 24046 | Snake:4  | 24046 ||| Stepping ~*~*~tactically~*~*~ (outnumbered).
 24050 | Snake:4  | 24050 ||| Stepping ~*~*~tactically~*~*~ (outnumbered).
 24052 | Snake:4  | 24052 ||| Stepping ~*~*~tactically~*~*~ (outnumbered).
 24055 | Snake:4  | Reached skill level 18 in Dodging
 24061 | Snake:4  | 24061 ||| Stepping ~*~*~tactically~*~*~ (outnumbered).
 24063 | Snake:4  | 24063 ||| Stepping ~*~*~tactically~*~*~ (outnumbered).
 24064 | Snake:4  | Identified the +6 scale mail of Unadaxt {rF+} (Okawaru
                  | gifted it to you on level 4 of the Snake Pit)
 24064 | Snake:4  | Received a gift from Okawaru
 24068 | Snake:4  | 24068 ||| Stepping ~*~*~tactically~*~*~ (outnumbered).
 24079 | Snake:4  | 24079 ||| INVOKING Heroism.
 24081 | Snake:4  | 24081 ||| Stepping ~*~*~tactically~*~*~ (outnumbered).
 24124 | Snake:4  | 24124 ||| INVOKING Heroism.
 24134 | Snake:4  | Reached XP level 18. HP: 174/174 MP: 24/24
 24136 | Snake:4  | 24136 ||| DROPPING +1 triple crossbow of flaming.
 24146 | Snake:4  | Reached skill level 19 in Fighting
 24162 | Snake:4  | 24162 ||| INVOKING Heroism.
 24164 | Snake:4  | 24164 ||| Stepping ~*~*~tactically~*~*~ (outnumbered).
 24202 | Snake:4  | 24202 ||| INVOKING Heroism.
 24232 | Snake:4  | Got a serpentine rune of Zot
 24302 | Snake:4  | 24302 ||| Stepping ~*~*~tactically~*~*~ (outnumbered).
 24308 | Snake:4  | 24308 ||| Stepping ~*~*~tactically~*~*~ (outnumbered).
 24311 | Snake:4  | 24311 ||| Stepping ~*~*~tactically~*~*~ (outnumbered).
 24313 | Snake:4  | 24313 ||| Stepping ~*~*~tactically~*~*~ (outnumbered).
 24320 | Snake:4  | 24320 ||| Stepping ~*~*~tactically~*~*~ (outnumbered).
 24324 | Snake:4  | 24324 ||| Stepping ~*~*~tactically~*~*~ (outnumbered).
 24378 | Snake:4  | Identified the +1 pair of boots of Gravity {Harm Dex+7}
 24659 | Snake:4  | 24659 ||| PLANNING VAULTS:1-4
 24936 | Vaults:1 | Entered Level 1 of the Vaults
 24943 | Vaults:1 | 24943 ||| INVOKING Heroism.
 24944 | Vaults:1 | Identified the +2 robe of the Desert {rPois rC+} (Okawaru
                  | gifted it to you on level 1 of the Vaults)
 24944 | Vaults:1 | Received a gift from Okawaru
 25243 | Vaults:1 | 25243 ||| INVOKING Heroism.
 25302 | Vaults:1 | 25302 ||| Stepping ~*~*~tactically~*~*~ (outnumbered).
 25307 | Vaults:1 | 25307 ||| INVOKING Heroism.
 25433 | Vaults:1 | Reached skill level 20 in Fighting
 25627 | Vaults:1 | 25627 ||| INVOKING Finesse.
 25829 | Vaults:1 | Found Ydaisk's Weapon Boutique.
 26042 | Vaults:2 | 26042 ||| STAIRDANCE
 26156 | Vaults:2 | 26156 ||| Stepping ~*~*~tactically~*~*~ (outnumbered).
 26158 | Vaults:2 | 26158 ||| Stepping ~*~*~tactically~*~*~ (outnumbered).
 26160 | Vaults:2 | Identified the +0 pair of gloves of Tarch {rC+ Int+3
                  | Slay+3} (Okawaru gifted it to you on level 2 of the Vaults)
 26160 | Vaults:2 | Received a gift from Okawaru
 26166 | Vaults:2 | 26166 ||| Stepping ~*~*~tactically~*~*~ (outnumbered).
 26167 | Vaults:2 | 26167 ||| Stepping ~*~*~tactically~*~*~ (outnumbered).
 26177 | Vaults:2 | 26177 ||| INVOKING Finesse.
 26205 | Vaults:2 | 26205 ||| INVOKING Heroism.
 26206 | Vaults:2 | 26206 ||| INVOKING Finesse.
 26362 | Vaults:2 | 26362 ||| DRINKING potion of resistance.
 26707 | Vaults:2 | 26707 ||| INVOKING Heroism.
 26722 | Vaults:2 | 26722 ||| INVOKING Heroism.
 26746 | Vaults:2 | 26746 ||| FLEEEEING.
 26747 | Vaults:2 | 26747 ||| FLEEEEING.
 26748 | Vaults:2 | 26748 ||| FLEEEEING.
 26769 | Vaults:2 | Reached skill level 21 in Fighting
 26874 | Vaults:2 | Reached XP level 19. HP: 184/189 MP: 25/25
 26884 | Vaults:2 | Reached skill level 9 in Armour
 27028 | Vaults:2 | 27028 ||| UPGRADING to +0 pair of gloves of Tarch {rC+
                  | Int+3 Slay+3}.
 27038 | Vaults:2 | 27038 ||| DROPPING +2 pair of gloves.
 27053 | Vaults:2 | 27053 ||| INVOKING Heroism.
 27054 | Vaults:2 | 27054 ||| INVOKING Finesse.
 27059 | Vaults:2 | Identified the scarf of True Grit {shadows, Drain rF+ rC+
                  | Int+3} (Okawaru gifted it to you on level 2 of the Vaults)
 27059 | Vaults:2 | Received a gift from Okawaru
 27253 | Vaults:3 | Noticed a golden dragon
 27254 | Vaults:3 | Noticed Zotwa's ghost (adept GnSk)
 27262 | Vaults:3 | 27262 ||| FLEEEEING.
 27263 | Vaults:3 | 27263 ||| FLEEEEING.
 27264 | Vaults:3 | 27264 ||| FLEEEEING.
 27265 | Vaults:3 | 27265 ||| FLEEEEING.
 27266 | Vaults:3 | 27266 ||| FLEEEEING.
 27267 | Vaults:3 | 27267 ||| FLEEEEING.
 27268 | Vaults:3 | 27268 ||| FLEEEEING.
 27278 | Vaults:3 | 27278 ||| INVOKING Heroism.
 27279 | Vaults:3 | 27279 ||| INVOKING Finesse.
 27282 | Vaults:3 | Reached skill level 21 in Dodging
 27331 | Vaults:3 | 27331 ||| Stepping ~*~*~tactically~*~*~ (outnumbered).
 27333 | Vaults:3 | 27333 ||| Stepping ~*~*~tactically~*~*~ (outnumbered).
 27335 | Vaults:3 | 27335 ||| Stepping ~*~*~tactically~*~*~ (outnumbered).
 27337 | Vaults:3 | 27337 ||| Stepping ~*~*~tactically~*~*~ (outnumbered).
 27348 | Vaults:3 | 27348 ||| INVOKING Heroism.
 27410 | Vaults:3 | 27410 ||| INVOKING Heroism.
 27453 | Vaults:3 | 27453 ||| Stepping ~*~*~tactically~*~*~ (outnumbered).
 27462 | Vaults:3 | 27462 ||| INVOKING Heroism.
 27506 | Vaults:3 | Found an ancient bone altar of Kikubaaqudgha.
 27538 | Vaults:3 | Found a staircase to the Crypt.
 27538 | Vaults:3 | Found a basalt altar of Yredelemnul.
 27609 | Vaults:3 | Reached skill level 22 in Fighting
 27646 | Vaults:3 | Found a transporter.
 27685 | Vaults:3 | 27685 ||| Stepping ~*~*~tactically~*~*~ (outnumbered).
 27687 | Vaults:3 | 27687 ||| Stepping ~*~*~tactically~*~*~ (outnumbered).
 27696 | Vaults:3 | 27696 ||| Stepping ~*~*~tactically~*~*~ (outnumbered).
 27747 | Vaults:3 | 27747 ||| INVOKING Heroism.
 27757 | Vaults:3 | 27757 ||| INVOKING Finesse.
 27935 | Vaults:3 | Found a transporter.
 28057 | Vaults:3 | 28057 ||| FLEEEEING.
 28062 | Vaults:3 | 28062 ||| FLEEEEING.
 28064 | Vaults:3 | 28064 ||| FLEEEEING.
 28065 | Vaults:3 | 28065 ||| FLEEEEING.
 28066 | Vaults:3 | 28066 ||| FLEEEEING.
 28067 | Vaults:3 | 28067 ||| FLEEEEING.
 28068 | Vaults:3 | 28068 ||| FLEEEEING.
 28069 | Vaults:3 | 28069 ||| FLEEEEING.
 28070 | Vaults:3 | 28070 ||| FLEEEEING.
 28199 | Vaults:3 | 28199 ||| READING scroll labelled SOFUOTTUTAJ.
 28243 | Vaults:4 | 28243 ||| PLANNING DESOLATION
 28318 | Vaults:4 | Received a gift from Okawaru
 28336 | Vaults:4 | Noticed Zenata
 28337 | Vaults:4 | 28337 ||| INVOKING Heroism.
 28338 | Vaults:4 | 28338 ||| INVOKING Finesse.
 28340 | Vaults:4 | Killed Zenata
 28501 | Vaults:4 | Reached XP level 20. HP: 196/202 MP: 26/26
 28522 | Vaults:4 | Reached skill level 23 in Fighting
 28734 | Vaults:4 | Found a crumbling gateway.
 28739 | Desolati | Entered the Desolation of Salt
 28755 | Desolati | 28755 ||| INVOKING Heroism.
 28767 | Desolati | HP: 46/204 [saltling (19)]
 28768 | Desolati | 28768 ||| READING 3 scrolls of teleportation.
 28769 | Desolati | HP: 18/204 [saltling (22)]
 28844 | Desolati | 28844 ||| INVOKING Heroism.
 28849 | Desolati | 28849 ||| Stepping ~*~*~tactically~*~*~ (outnumbered).
 28896 | Desolati | Identified the +5 mace "Zetyomn" {flame, Int+7}
 28929 | Desolati | Received a gift from Okawaru
 28935 | Desolati | Reached skill level 24 in Fighting
 28974 | Desolati | 28974 ||| DRINKING 16 potions of curing.
 28974 | Desolati | 28974 ||| (to cure confusion)
 28978 | Desolati | 28978 ||| INVOKING Heroism.
 29143 | Desolati | Identified the amulet "Qoufad" {Reflect Int-2 Dex+4 SH+5}
 29151 | Desolati | Identified the +6 scale mail of Zin {Drain rN+ Int+5}
 29384 | Desolati | 29384 ||| DROPPING amulet of regeneration.
 29403 | Vaults:4 | 29403 ||| PLANNING VAULTS:1-4
 29452 | Vaults:4 | 29452 ||| INVOKING Heroism.
 29453 | Vaults:4 | 29453 ||| INVOKING Finesse.
 29530 | Vaults:4 | 29530 ||| Stepping ~*~*~tactically~*~*~ (outnumbered).
 29533 | Vaults:4 | 29533 ||| Stepping ~*~*~tactically~*~*~ (outnumbered).
 29535 | Vaults:4 | 29535 ||| Stepping ~*~*~tactically~*~*~ (outnumbered).
 29560 | Vaults:4 | Noticed Jory
 29563 | Vaults:4 | Killed Jory
 29678 | Vaults:4 | 29678 ||| Stepping ~*~*~tactically~*~*~ (outnumbered).
 29685 | Vaults:4 | Received a gift from Okawaru
 29686 | Vaults:4 | 29686 ||| INVOKING Heroism.
 29687 | Vaults:4 | 29687 ||| INVOKING Finesse.
 29830 | Vaults:4 | Noticed Frederick
 29831 | Vaults:4 | 29831 ||| INVOKING Heroism.
 29832 | Vaults:4 | 29832 ||| INVOKING Finesse.
 29834 | Vaults:4 | Killed Frederick
 29835 | Vaults:4 | Reached skill level 25 in Fighting
 30039 | Vaults:4 | 30039 ||| PLANNING SWAMP:4
 30039 | Vaults:4 | 30039 ||| DROPPING ring of protection from cold.
 30397 | Swamp:4  | Entered Level 4 of the Swamp
 30401 | Swamp:4  | Noticed Bai Suzhen
 30405 | Swamp:4  | 30405 ||| Stepping ~*~*~tactically~*~*~ (water).
 30406 | Swamp:4  | 30406 ||| STAIRDANCE
 30408 | Swamp:3  | Killed Bai Suzhen
 30416 | Swamp:4  | 30416 ||| STAIRDANCE
 30439 | Swamp:4  | 30439 ||| Stepping ~*~*~tactically~*~*~ (water).
 30449 | Swamp:4  | 30449 ||| FLEEEEING.
 30450 | Swamp:4  | 30450 ||| FLEEEEING.
 30451 | Swamp:4  | 30451 ||| FLEEEEING.
 30452 | Swamp:4  | 30452 ||| FLEEEEING.
 30453 | Swamp:4  | 30453 ||| STAIRDANCE
 30465 | Swamp:4  | 30465 ||| STAIRDANCE
 30548 | Swamp:4  | Got a decaying rune of Zot
 30753 | Swamp:4  | Reached ****** piety under Okawaru
 30754 | Swamp:4  | Reached skill level 26 in Fighting
 30815 | Swamp:4  | Identified the +5 tower shield "Omacic" {rElec rC+ Will+}
 30815 | Swamp:4  | Noticed Louise
 30817 | Swamp:4  | Killed Louise
 30817 | Swamp:4  | Received a gift from Okawaru
 30920 | Swamp:4  | 30920 ||| PLANNING DEPTHS
 30920 | Swamp:4  | 30920 ||| DROPPING ring of fire.
 30921 | Swamp:4  | 30921 ||| READING 14 scrolls of identify.
 30921 | Swamp:4  | 30921 ||| IDENTIFYING murky emerald potion
 30922 | Swamp:4  | 30922 ||| DROPPING potion of berserk rage.
 31169 | Depths:1 | Entered Level 1 of the Depths
 31169 | Depths:1 | Found a transporter.
 31170 | Depths:1 | Found a transporter.
 31170 | Depths:1 | Noticed Poanarph's ghost (veteran GrVM)
 31178 | Depths:1 | Noticed a caustic shrike
 31196 | Depths:1 | Found a one-way gate leading to the halls of Pandemonium.
 31197 | Depths:1 | 31197 ||| INVOKING Heroism.
 31224 | Depths:1 | 31224 ||| INVOKING Finesse.
 31226 | Depths:1 | Reached XP level 21. HP: 221/221 MP: 21/27
 31259 | Depths:1 | 31259 ||| INVOKING Heroism.
 31408 | Depths:1 | Found a gateway to Hell.
 31509 | Depths:2 | 31509 ||| INVOKING Heroism.
 31510 | Depths:2 | 31510 ||| INVOKING Finesse.
 31541 | Depths:2 | Identified the +1 pair of boots "Memelitu" {-Tele rF+
                  | Int+3} (Okawaru gifted it to you on level 2 of the Depths)
 31541 | Depths:2 | Received a gift from Okawaru
 31584 | Depths:2 | 31584 ||| INVOKING Heroism.
 31588 | Depths:2 | 31588 ||| DRINKING potion of resistance.
 31597 | Depths:2 | 31597 ||| Stepping ~*~*~tactically~*~*~ (outnumbered).
 31598 | Depths:2 | 31598 ||| Stepping ~*~*~tactically~*~*~ (outnumbered).
 31599 | Depths:2 | 31599 ||| Stepping ~*~*~tactically~*~*~ (outnumbered).
 31601 | Depths:2 | 31601 ||| Stepping ~*~*~tactically~*~*~ (outnumbered).
 31602 | Depths:2 | 31602 ||| INVOKING Heroism.
 31603 | Depths:2 | 31603 ||| Stepping ~*~*~tactically~*~*~ (outnumbered).
 31604 | Depths:2 | 31604 ||| Stepping ~*~*~tactically~*~*~ (outnumbered).
 31605 | Depths:2 | 31605 ||| INVOKING Finesse.
 31607 | Depths:2 | 31607 ||| Stepping ~*~*~tactically~*~*~ (outnumbered).
 31608 | Depths:2 | 31608 ||| Stepping ~*~*~tactically~*~*~ (outnumbered).
 31630 | Depths:2 | HP: 38/223 [frost giant/+0 battleaxe of freezing (29)]
 31631 | Depths:2 | 31631 ||| READING 2 scrolls of teleportation.
 31632 | Depths:2 | HP: 16/223 [spriggan air mage/the air (11)]
 31635 | Depths:2 | Slain by a vampire knight

Levels and vault maps discovered:
D:1:      ncdulo_halloftheorcs, layout_basic, nrook_uturn
D:2:      layout_basic, serial_rivers, chequers_serial_rivers_marsh,
          chequers_serial_rivers_room_a, chequers_serial_rivers_micro_a,
          chequers_serial_rivers_large_a, grunt_decor_clamped, uniq_robin,
          uniq_sigmund
D:3:      layout_basic, dreamdust_ecumenical_altar_angels_and_demons,
          serial_shops, shop, uniq_natasha
D:4:      layout_cave_pods, nicolae_yredelemnul_corpse_copse, serial_park_tiny_1
D:5:      cheibrodos_helix_gallery, layout_basic, temple_fountains,
          biasface_ghost_orc_armoury
D:6:      layout_loops_corners, kennysheep_generic_room_4, uniq_pikel
D:7:      layout_basic, chequers_temple_overflow_statue_of_worship,
          roderic_lattice_a, grunt_ministairs_10
D:8:      layout_basic, minmay_overflow_temple_hex
D:9:      layout_roguey, minitemple, enter_bailey_3
D:10:     layout_rooms, david_lair_generic, ebering_ghost_gozag
D:11:     layout_cave_pods, hellmonk_ghost_happy_afterlife,
          minmay_crystal_water, serial_park_tiny_pond, cheibriados_altar_1
D:12:     layout_cave_pools, orc_0_dummy, nicolae_trove_entry_diagonal,
          uniq_frances
D:13:     layout_basic
D:14:     layout_loops_cross, erik_vaults_2, roderic_lattice_octagonal_star,
          gammafunk_ghost_berserking_beasts, nicolae_dithmenos_the_darkroom,
          uniq_snorg
D:15:     gammafunk_depths_entry_grave, layout_loops_cross,
          hangedman_decor_points, uniq_agnes
Temple:   hellmonk_temple_rainy
Lair:1:   layout_regular_city, gammafunk_ghost_icy, serial_bayou_pond_c,
          lemuel_fruit_tree
Lair:2:   nzn_winding_woodlands_small [nzn_winding_woodlands_5x15_sidewinder,
          nzn_winding_woodlands_center_diamonds,
          nzn_winding_woodlands_5x15_crooked], layout_regular_city, minivault_26
Lair:3:   layout_gridlike, swamp_mist, dummy_snake_entry, serial_bayou_pond_d
Lair:4:   layout_hall_layers, special_room [special_room_mythical_zoo]
Lair:5:   evilmike_catoblepas_cave, layout_hall_layers, slime_entry_2,
          worms_lemuel
Swamp:1:  layout_basic_swamp, evilmike_swamp_ruin_wall, swamp_pool2,
          kb_tengu_band
Swamp:2:  layout_falls_marsh, nicolae_swamp_tree_designs, swamp_pool2,
          uniq_roxanne
Swamp:3:  layout_falls_marsh, evilmike_swamp_ruin_house_5, uniq_mara
Swamp:4:  swamp, layout_basic_swamp, uniq_bai_suzhen, uniq_louise
Snake:1:  gammafunk_sealed_arena, layout_misc_corridors, nicolae_shop_gadgets,
          serial_bayou_shore_a, uniq_josephine, uniq_aizul
Snake:2:  layout_misc_corridors, serial_shops, shop
Snake:3:  layout_chambers, serial_shops, nicolae_shop_advertising_works
          [nicolae_subvault_shop_adworks], gammafunk_ghost_grave,
          nicolae_fountain_basement, uniq_vashnia, uniq_asterion
Snake:4:  johnstein_snake_rune_scales, layout_rooms, grunt_megastairs_2
Orc:1:    layout_caves
Orc:2:    st_orc_elflike, layout_caves, enter_volcano_1
Vaults:1: grunt_vaults_bifocal, vaults_room_grunt_arrival_checkpoint,
          nicolae_vaults_windows_and_doors_thing, hangedman_vaults_impose,
          nicolae_vaults_taking_the_gang_shopping, nicolae_vaults_sightless_eye,
          nicolae_vaults_double_plus_1, v_misc_16, layout_vaults_omnigrid
Vaults:2: nicolae_vaults_big_angled_halls, v_rooms_6,
          nicolae_vaults_three_branches, nicolae_vaults_variable_pillar_hall,
          vaults_mumra_hexcomb, vaults_room_stairs_pillars,
          ontoclasm_vaults_fault, special_room_vaults [special_room_orc],
          hangedman_vaults_nodes, vaults_room_hallway,
          nicolae_vaults_ninety_degrees, layout_vaults_omnicross
Vaults:3: nzn_ghost_randoct, v_misc_9, vaults_dpeg_cross, v_misc_22,
          minmay_crypt_entry_necro_gods, v_misc_5,
          hangedman_vaults_corner_blocks, nicolae_vaults_what_the_h,
          nicolae_vaults_tetromino_L_2, nicolae_vaults_shelves_hall,
          nicolae_vaults_little_squares_2, v_misc_14, v_misc_30,
          nicolae_vaults_tetromino_Z_1, special_room_vaults [special_room_orc],
          nicolae_vaults_tetromino_L_1, layout_vaults_maze
Vaults:4: portal_desolation_entry_nicolae_nacl, hangedman_vaults_trim,
          vaults_room_pool, v_pattern_5, nicolae_vaults_display_case,
          hangedman_vaults_restitches, nicolae_vaults_trapezoid_4,
          nicolae_vaults_closet_pinwheel_6, nicolae_vaults_storage_room_glass,
          nicolae_vaults_ring_of_whatevers, layout_vaults_ring, uniq_zenata,
          uniq_jory, uniq_frederick
Depths:1: layout_cross, gammafunk_ghost_arena, rand_demon_pan_entry_5,
          hell_entry, chequers_serial_rivers_small_b, lemuel_flame_loot_1
Depths:2: nicolae_fronds_of_death, layout_basic,
          nicolae_abyss_entry_one_way_or_another, hell_entry, pan_entry,
          minmay_fountain_box, minivault_11, infiniplex_staircase_pillars_2,
          uniq_josephina

Skill      XL: |  1  2  3  4  5  6  7  8  9 10 11 12 13 14 15 16 17 18 19 20 |
---------------+-------------------------------------------------------------+-----
Ranged Weapons | 5 7 8 9 10 12 14 15 16 18 20 22 | 22.0
Fighting       | 3 4 5 8 9 10 11 13 15 17 18 21 22 26 | 26.9
Armour         | 2 4 5 7 8 9 11 | 11.0
Dodging        | 3 5 8 9 10 11 14 15 16 18 20 22 | 22.0
Invocations    | 3 4 8 10 | 10.9
Stealth        | |  0.7

Action                     |  1- 3 |  4- 6 |  7- 9 | 10-12 | 13-15 | 16-18 | 19-21 || total
---------------------------+-------+-------+-------+-------+-------+-------+-------++-------
   Fire: Shortbow          |   107 |   135 |       |       |       |       |       ||   242
         Arbalest          |       |    13 |   231 |   471 |   670 |   206 |       ||  1591
         Orcbow            |       |       |       |     1 |     1 |    78 |       ||    80
         Heavy crossbow    |       |       |       |       |       |   531 |   517 ||  1048
         Triple crossbow   |       |       |       |       |       |     1 |       ||     1
 Invoke: Heroism           |       |       |    10 |    22 |    28 |    42 |    18 ||   120
         Finesse           |       |       |       |     4 |     5 |     4 |    10 ||    23
    Use: Potion            |     2 |       |       |     2 |     3 |     1 |     2 ||    10
         Scroll            |     1 |     8 |     8 |     8 |     9 |     6 |     4 ||    44
 Armour: Leather armour    |     5 |       |       |       |       |       |       ||     5
         Robe              |     3 |    10 |       |       |    19 |    36 |    45 ||   113
         Ring mail         |       |     7 |    43 |    28 |       |       |       ||    78
         Troll leather arm |       |       |       |    23 |    25 |       |       ||    48
  Dodge: Dodged            |    24 |    43 |   114 |   262 |   360 |   596 |   703 ||  2102

Table legend:
 A = Non-vault XP
 B = Vault XP
 C = Vault XP percentage of total XP
 D = Non-vault monster count
 E = Vault monster count
 F = Vault count percentage of total count
                 A         B        C        D         E       F
            +---------+---------+-------+---------+---------+-------
      Total |  307745 |  276595 |  47.3 |     898 |     484 |  35.0
            +---------+---------+-------+---------+---------+-------
        D:1 |      44 |       0 |   0.0 |      28 |       0 |   0.0
        D:2 |      10 |     278 |  96.5 |       6 |      14 |  70.0
        D:3 |      84 |      36 |  30.0 |      17 |       1 |   5.6
        D:4 |     220 |     143 |  39.4 |      12 |       4 |  25.0
        D:5 |     474 |       5 |   1.0 |      21 |       2 |   8.7
        D:6 |     772 |     701 |  47.6 |      20 |       3 |  13.0
        D:7 |    1380 |     153 |  10.0 |      23 |       1 |   4.2
        D:8 |    2289 |       0 |   0.0 |      29 |       0 |   0.0
        D:9 |    4074 |       8 |   0.2 |      28 |       4 |  12.5
       D:10 |    2303 |    1017 |  30.6 |      30 |       4 |  11.8
       D:11 |    6305 |       0 |   0.0 |      34 |       0 |   0.0
       D:12 |    5728 |    1575 |  21.6 |      23 |       1 |   4.2
       D:13 |    3928 |       0 |   0.0 |      22 |       0 |   0.0
       D:14 |    6383 |    7915 |  55.4 |      13 |       9 |  40.9
       D:15 |    7566 |    6379 |  45.7 |      20 |       9 |  31.0
     Lair:1 |    3797 |       0 |   0.0 |      14 |       0 |   0.0
     Lair:2 |    4062 |    3777 |  48.2 |      15 |       8 |  34.8
     Lair:3 |    3102 |       0 |   0.0 |      18 |       0 |   0.0
     Lair:4 |    6855 |    6832 |  49.9 |      23 |      25 |  52.1
     Lair:5 |    8534 |   12960 |  60.3 |      24 |      27 |  52.9
    Swamp:1 |    9664 |    1146 |  10.6 |      20 |       2 |   9.1
    Swamp:2 |    3975 |    1353 |  25.4 |       8 |       1 |  11.1
    Swamp:3 |    8821 |    8246 |  48.3 |      15 |       3 |  16.7
    Swamp:4 |   11702 |   17019 |  59.3 |      17 |      24 |  58.5
    Snake:1 |   14358 |    3085 |  17.7 |      30 |       7 |  18.9
    Snake:2 |   23438 |       0 |   0.0 |      47 |       0 |   0.0
    Snake:3 |   12136 |    9569 |  44.1 |      23 |       9 |  28.1
    Snake:4 |   22476 |   25653 |  53.3 |      46 |      51 |  52.6
      Orc:1 |    3755 |       0 |   0.0 |      44 |       0 |   0.0
      Orc:2 |    4153 |    7534 |  64.5 |      49 |      24 |  32.9
   Vaults:1 |   20816 |   13352 |  39.1 |      33 |      20 |  37.7
   Vaults:2 |   25512 |   27657 |  52.0 |      36 |      53 |  59.6
   Vaults:3 |   41742 |   23878 |  36.4 |      61 |      46 |  43.0
   Vaults:4 |   14975 |   29176 |  66.1 |      22 |      29 |  56.9
   Depths:1 |   11284 |    1721 |  13.2 |      13 |       4 |  23.5
   Depths:2 |   11028 |   26601 |  70.7 |      14 |      22 |  61.1
 Desolation |       0 |   38826 | 100.0 |       0 |      77 | 100.0
            +---------+---------+-------+---------+---------+-------
